 Dungeon Crawl Stone Soup version 0.28.0 (webtiles) character file.

Game seed: 4865816915243094096

27472 HallandMoats the Fighter (level 13, -4/106 HPs)
             Began as a Demonspawn Fighter on Feb 7, 2022.
             Was the Champion of Okawaru.
             Hit by a javelin thrown by a minotaur (13 damage)
             ... in a Gauntlet.
             The game lasted 00:27:28 (13026 turns).

HallandMoats the Fighter (Demonspawn Fighter)      Turns: 13026, Time: 00:27:28

Health: -4/106     AC: 10    Str: 20    XL:     13   Next: 4%
Magic:  18/19      EV: 15    Int: 13    God:    Okawaru [******]
Gold:   721        SH:  0    Dex: 14    Spells: 12/12 levels left

rFire   . . .      SeeInvis .     - Unarmed
rCold   . . .      Faith    .   (no shield)
rNeg    . . .      Spirit   .   a - +1 troll leather armour
rPois   .          Reflect  .   J - +2 hat {Int+3}
rElec   .          Harm     .   R - scarf {repulsion}
rCorr   +          Rampage  .   (no gloves)
Will    +....      NoTele   +   (no boots)
Stlth   +.........              s - amulet of regeneration
HPRegen 1.87/turn               e - +4 ring of slaying
MPRegen 0.16/turn               z - ring of willpower

@: repel missiles
A: claws 2, yellow scales 3, foul stench 2, deformed body
a: Renounce Religion, Heroism, Finesse, Duel


You were in a Gauntlet.
You worshipped Okawaru.
Okawaru was exalted by your worship.
You visited 2 branches of the dungeon, and saw 14 of its levels.
You also visited: Sewer and Gauntlet.

You collected 721 gold pieces.

Inventory:

Hand Weapons
 b - the +4 whip "Zolal" {flame, Will+}
   (You took it off an orc on level 5 of the Dungeon)

   It burns those it strikes, dealing additional fire damage.
   Will:      It increases your willpower.
Missiles
 B - 2 throwing nets (quivered)
Armour
 a - a +1 troll leather armour (worn)
 c - a +0 buckler
 C - a +2 leather armour of cold resistance
 D - the +3 pair of seven-league boots {Rampage+∞}
   (You found it in a Gauntlet)

   Its wearer moves as far as possible in that direction when moving towards
   enemies.
 J - a +2 hat of intelligence (worn)
 R - a scarf of repulsion (worn)
Jewellery
 e - a +4 ring of slaying (left claw)
 h - a ring of positive energy
 n - a ring of ice
 q - a ring of poison resistance
 s - an amulet of regeneration (around neck)
 z - a ring of willpower (right claw)
 G - a ring of positive energy
 H - a ring of willpower
 N - a ring of protection from cold
Wands
 o - a wand of flame (10)
 x - a wand of acid (10)
 E - a wand of iceblast (15)
 M - a wand of digging (4)
 O - a wand of mindburst (8)
 P - a wand of paralysis (3)
Scrolls
 i - 3 scrolls of amnesia
 l - 6 scrolls of enchant weapon
 m - 7 scrolls of teleportation
 y - 3 scrolls of magic mapping
 I - a scroll of fog {unknown}
 L - a scroll of torment
 Q - 2 scrolls of vulnerability {unknown}
Potions
 d - 4 potions of lignification
 f - 2 potions of curing
 g - 2 potions of brilliance
 j - a potion of berserk rage
 k - 4 potions of ambrosia
 p - a potion of degeneration {unknown}
 r - a potion of might
 t - 2 potions of cancellation {unknown}
 u - a potion of invisibility {unknown}
 v - a potion of heal wounds
 w - 2 potions of flight
 A - a potion of attraction {unknown}
 F - 2 potions of mutation
 K - a potion of magic


   Skills:
 * Level 11.3 Fighting
 - Level 1.9 Axes
 + Level 8.1 Armour
 + Level 7.4 Dodging
 + Level 8.0 Shields
 * Level 10.8 Unarmed Combat
 + Level 9.0 Invocations


You had 12 spell levels left.
You didn't know any spells.
Your spell library contained the following spells:

 Spells                   Type           Power      Damage    Failure   Level
 Sandblast                Erth           0%         2d4       34%         1
 Passwall                 Tmut/Erth      0%         N/A       47%         2
 Scorch                   Fire           0%         2d5       47%         2
 Conjure Flame            Conj/Fire      0%         6-21      71%         3
 Ignite Poison            Fire/Tmut/Pois 0%         N/A       71%         3
 Stone Arrow              Conj/Erth      0%         3d7       71%         3
 Flame Wave               Conj/Fire      0%         2d4       98%         4
 Sticky Flame             Conj/Fire      0%         2d3       98%         4
 Eringya's Noxious Bog    Tmut/Pois      0%         N/A       100%        6
 Summon Forest            Summ/Tloc      Unusable   N/A       N/A         5
 Summon Cactus Giant      Summ           Unusable   N/A       N/A         6
 Summon Hydra             Summ           Unusable   N/A       N/A         7

Dungeon Overview and Level Annotations

Branches:
Dungeon (13/15)            Temple (1/1) D:5            Lair (0/6) D:10
    Orc (0/2) D:10          Sewer (visited)         Gauntlet (1/1)
 Vaults: D:13-14

Altars:
Ashenzari
Cheibriados
Dithmenos
Elyvilon
Fedhas
Gozag
Hepliaklqana
Kikubaaqudgha
Makhleb
Nemelex Xobeh
Okawaru
Qazlal
Ru
Sif Muna
Trog
Uskayaw
Vehumet
Wu Jian
Xom
Yredelemnul
Zin
The Shining One

Shops:
D:2 (

Annotations:
D:7 exclusion: door
D:8 1 runed translucent door, GrayStillPlays's ghost, novice VSFi Gauntlet 6 transporters, 1 runed translucent door


Innate Abilities, Weirdness & Mutations

You have very sharp fingernails.
You are completely covered in yellow scales. (AC +4, rCorr)
You sometimes emit foul miasma when damaged in melee.
Armour fits poorly on your strangely shaped body.


Message History

The minotaur hits you with a +0 rapier of venom!!
You are more poisoned.
You emit a cloud of foul miasma!
The minotaur gores you!
* * * LOW HITPOINT WARNING * * *
You feel much better.
You feel very sick.
The minotaur is engulfed in dark miasma.
The minotaur is poisoned.
The minotaur hits you with a +0 rapier of venom!
You are more poisoned.
The minotaur closely misses you.
You feel better.
The minotaur is engulfed in dark miasma.
The minotaur looks even sicker.
The minotaur closely misses you.
The minotaur gores you but does no damage.
You feel much better.
The minotaur is engulfed in dark miasma.
The minotaur looks even sicker.
The minotaur hits you with a +0 rapier of venom!!
You are poisoned.
The minotaur gores you.
You feel better.
The minotaur is engulfed in dark miasma.
The minotaur looks as sick as possible!
The minotaur hits you with a +0 rapier of venom!!
The minotaur closely misses you.
You scratch the minotaur but do no damage.
Your claw misses the minotaur.
The minotaur is heavily wounded.
The minotaur is engulfed in dark miasma.
The minotaur looks as sick as possible!
The minotaur hits you with a +0 rapier of venom!!
* * * LOW HITPOINT WARNING * * *
The minotaur barely misses you.
Okay, then.
Okay, then.
The minotaur is engulfed in dark miasma.
The minotaur looks as sick as possible!
The minotaur throws a javelin.
The javelin pierces through you!
You die...

####### #≈≈≈≈≈#
#≈≈∩≈≈# #≈.H.≈#
###.### #..@..#
#######'######
#.............#
#.###.###.###.#
#.###.###.###.#
#.............#
###.###.###.##
###.###.###.###
...............


You could see a minotaur (extremely poisoned).

Vanquished Creatures
  Gastronok (D:9)
  Nessos (D:12)
  Harold (D:8)
  A hydra (D:11)
  Fannar (D:10)
  An ogre mage (D:12)
  7 two-headed ogres
  A centaur warrior (D:13)
  A hell hog (Gauntlet)
  A deep elf pyromancer (D:12)
  3 cyclopes
  A shining eye (Gauntlet)
  A smoke demon (Gauntlet)
  Maggie (D:10)
  3 gargoyles
  An unseen horror (D:11)
  A komodo dragon (D:12)
  4 trolls
  A red devil (Gauntlet)
  A queen bee (D:9)
  Sigmund (D:3)
  A wraith (D:12)
  A vampire (D:7)
  2 fire bats (Gauntlet)
  17 yaks
  Grum (D:8)
  5 steam dragons
  3 vampire mosquitoes
  6 acid dragons
  A floating eye (Gauntlet)
  2 water moccasins
  A hell hound (Gauntlet)
  An orc warrior (D:6)
  A black bear (D:4)
  2 ice beasts
  A sky beast (D:8)
  3 necrophages
  8 ogres
  4 wolves
  12 centaurs
  4 kobold brigands
  2 scorpions
  5 gnoll sergeants
  4 bullfrogs
  2 wyvern zombies
  32 killer bees
  6 wights
  5 electric eels
  3 howler monkeys
  2 crimson imps (Gauntlet)
  4 centaur zombies
  2 jellies (D:6)
  8 hounds
  Crazy Yiuf (D:2)
  2 bullfrog skeletons (D:5)
  2 orc priests
  4 iguanas
  Natasha (thrice) (D:2)
  13 orc wizards
  A killer bee zombie (D:7)
  2 hound skeletons (D:4)
  Robin (D:2)
  15 gnolls
  6 adders
  2 howler monkey skeletons
  A shadow imp (D:5)
  2 white imps
  3 worms
  A dart slug (D:4)
  36 orcs
  7 bats
  15 endoplasms
  6 giant cockroaches
  9 goblins
  10 hobgoblins
  10 jackals
  13 quokkas
  11 ball pythons
  14 frilled lizards
  18 kobolds
  3 rats
396 creatures vanquished.

Vanquished Creatures (others)
  3 demonic plants (Gauntlet)
  5 plants
  5 withered plants
13 creatures vanquished.

Grand Total: 409 creatures vanquished

Notes
Turn   | Place    | Note
-------+----------+-------------------------------------------
     0 | D:1      | HallandMoats the Demonspawn Fighter began the quest for the
                  | Orb.
     0 | D:1      | Reached XP level 1. HP: 18/18 MP: 1/1
   388 | D:1      | Gained mutation: You have sharp fingernails. [demonic
                  | ancestry]
   388 | D:1      | Reached XP level 2. HP: 18/24 MP: 2/2
  1090 | D:2      | Gained mutation: You are partially covered in yellow
                  | scales. (AC +2) [demonic ancestry]
  1090 | D:2      | Reached XP level 3. HP: 29/29 MP: 3/3
  1221 | D:2      | Noticed Natasha
  1229 | D:2      | Killed Natasha
  1230 | D:2      | Reached skill level 1 in Dodging
  1230 | D:2      | Reached skill level 1 in Unarmed Combat
  1388 | D:2      | Found a runed translucent door.
  1389 | D:2      | Noticed Crazy Yiuf
  1434 | D:2      | Reached XP level 4. HP: 33/35 MP: 4/4
  1436 | D:2      | Noticed Robin
  1446 | D:2      | Killed Robin
  1604 | D:2      | Noticed Natasha
  1613 | D:2      | Killed Natasha
  1825 | D:2      | Found Kolanny's Weapon Emporium.
  1944 | D:2      | Found a shimmering blue altar of Sif Muna.
  1986 | D:2      | Noticed Natasha
  1996 | D:2      | Killed Natasha
  1997 | D:2      | Reached XP level 5. HP: 32/41 MP: 5/5
  2250 | D:2      | Killed Crazy Yiuf
  2271 | D:3      | Noticed Sigmund
  2286 | D:3      | Killed Sigmund
  2287 | D:3      | Reached skill level 4 in Fighting
  2287 | D:3      | Gained mutation: You are mostly covered in yellow scales.
                  | (AC +3) [demonic ancestry]
  2287 | D:3      | Reached XP level 6. HP: 40/48 MP: 6/6
  2293 | D:3      | Found a faded altar of an unknown god.
  2563 | D:3      | Reached XP level 7. HP: 38/54 MP: 7/7
  2719 | D:3      | Found a glowing drain.
  2746 | Sewer    | Entered a sewer
  4773 | D:5      | Entered Level 5 of the Dungeon
  4785 | D:5      | Reached XP level 8. HP: 59/61 MP: 8/8
  4870 | D:5      | Reached skill level 5 in Fighting
  4876 | D:5      | Identified the +4 whip "Zolal" {flame, Will+}
  4892 | D:5      | Reached skill level 5 in Unarmed Combat
  5029 | D:5      | Found a staircase to the Ecumenical Temple.
  5057 | Temple   | Entered the Ecumenical Temple
  5188 | Temple   | Became a worshipper of Warmaster Okawaru
  5492 | D:6      | Reached skill level 5 in Armour
  5492 | D:6      | Reached skill level 1 in Invocations
  5519 | D:6      | Reached skill level 5 in Shields
  6015 | D:7      | Gained mutation: You may rarely emit foul miasma when
                  | damaged in melee. [demonic ancestry]
  6015 | D:7      | Reached XP level 9. HP: 65/69 MP: 10/10
  6090 | D:7      | Reached skill level 6 in Fighting
  6165 | D:7      | Reached * piety under Okawaru
  6788 | D:7      | Found a shadowy altar of Dithmenos.
  7015 | D:7      | Reached ** piety under Okawaru
  7249 | D:8      | Reached skill level 7 in Fighting
  7315 | D:8      | Found a runed translucent door.
  7315 | D:8      | Noticed GrayStillPlays's ghost (novice VSFi)
  7333 | D:8      | Noticed Harold
  7348 | D:8      | Killed Harold
  7349 | D:8      | Gained mutation: You sometimes emit foul miasma when
                  | damaged in melee. [demonic ancestry]
  7349 | D:8      | Reached XP level 10. HP: 58/79 MP: 10/13
  7427 | D:8      | Noticed Grum
  7812 | D:7      | Reached skill level 5 in Dodging
  7888 | D:8      | Killed Grum
  7928 | D:8      | Reached *** piety under Okawaru
  7983 | D:8      | Noticed a cyclops
  8008 | D:8      | Killed a cyclops
  8052 | D:8      | Reached skill level 5 in Invocations
  8231 | D:8      | Reached skill level 8 in Fighting
  8285 | D:8      | Reached **** piety under Okawaru
  8373 | D:8      | Noticed a cyclops
  8388 | D:8      | Killed a cyclops
  8546 | D:9      | Gained mutation: You have very sharp fingernails. [demonic
                  | ancestry]
  8546 | D:9      | Reached XP level 11. HP: 64/87 MP: 15/15
  8683 | D:9      | Noticed Gastronok
  8753 | D:9      | Killed Gastronok
  8858 | D:9      | Reached skill level 9 in Fighting
  9059 | D:9      | Reached ***** piety under Okawaru
  9505 | D:10     | Entered Level 10 of the Dungeon
  9604 | D:10     | Noticed Maggie
  9615 | D:10     | Killed Maggie
  9734 | D:10     | Found a staircase to the Lair.
  9966 | D:10     | Noticed Fannar
 10130 | D:10     | Killed Fannar
 10333 | D:10     | Received a gift from Okawaru
 10413 | D:10     | Found a staircase to the Orcish Mines.
 10829 | D:11     | Reached skill level 10 in Fighting
 10829 | D:11     | Gained mutation: You are completely covered in yellow
                  | scales. (AC +4, rCorr) [demonic ancestry]
 10829 | D:11     | Reached XP level 12. HP: 93/97 MP: 17/17
 11249 | D:11     | Noticed a five-headed hydra
 11259 | D:11     | Killed a five-headed hydra
 11559 | D:12     | Noticed a two-headed ogre
 11562 | D:12     | Killed a two-headed ogre
 11594 | D:12     | Found a hide-covered altar of Uskayaw.
 11615 | D:12     | Reached skill level 10 in Unarmed Combat
 11852 | D:12     | Noticed a two-headed ogre
 11860 | D:12     | Killed a two-headed ogre
 11862 | D:12     | Noticed a two-headed ogre
 11900 | D:12     | Killed a two-headed ogre
 11958 | D:12     | Noticed Nessos
 11984 | D:12     | Killed Nessos
 11984 | D:12     | Reached ****** piety under Okawaru
 12094 | D:12     | Noticed a two-headed ogre
 12095 | D:12     | Noticed an ogre mage
 12097 | D:12     | Noticed a two-headed ogre
 12151 | D:12     | Noticed a two-headed ogre
 12188 | D:12     | Killed an ogre mage
 12188 | D:12     | Received a gift from Okawaru
 12217 | D:12     | Killed a two-headed ogre
 12222 | D:12     | Killed a two-headed ogre
 12223 | D:12     | Reached skill level 11 in Fighting
 12236 | D:12     | Killed a two-headed ogre
 12513 | D:13     | Noticed a two-headed ogre
 12523 | D:13     | Killed a two-headed ogre
 12553 | D:13     | Found a gate leading to a gauntlet.
 12553 | D:13     | Noticed a centaur warrior
 12564 | D:13     | Killed a centaur warrior
 12567 | Gauntlet | Entered a Gauntlet
 12567 | Gauntlet | Noticed a death scarab
 12567 | Gauntlet | Found a transporter.
 12567 | Gauntlet | Found a transporter.
 12567 | Gauntlet | Found a transporter.
 12587 | Gauntlet | Found a transporter.
 12588 | Gauntlet | Found a transporter.
 12591 | Gauntlet | Found a transporter.
 12596 | Gauntlet | Noticed a catoblepas
 12597 | Gauntlet | Found a transporter.
 12599 | Gauntlet | Found a transporter.
 12600 | Gauntlet | Found a transporter.
 12602 | Gauntlet | Found a transporter.
 12607 | Gauntlet | Noticed a hell hog
 12609 | Gauntlet | Found a runed translucent door.
 12612 | Gauntlet | Found a transporter.
 12614 | Gauntlet | Found a transporter.
 12614 | Gauntlet | Found the +3 pair of seven-league boots {Rampage+∞}
 12883 | Gauntlet | Paralysed by a floating eye for 3 turns
 12885 | Gauntlet | Gained mutation: Armour fits poorly on your strangely
                  | shaped body. [a shining eye]
 12984 | Gauntlet | Killed a hell hog
 12985 | Gauntlet | Reached XP level 13. HP: 73/106 MP: 12/19
 13014 | Gauntlet | Noticed a minotaur
 13026 | Gauntlet | Hit by a javelin thrown by a minotaur

Illustrated notes

Levels and vault maps discovered:
D:1:      minmay_arrival_split_and_join, layout_loops_ring,
          minmay_misc_feat_square, nrook_campfire
D:2:      layout_loops_ring, serial_shops, shop, basic_altar,
          corexii_leaking_fountain, st_stairs_14, uniq_natasha,
          uniq_crazy_yiuf_cottage, uniq_robin
D:3:      layout_rooms, cheibrodos_sewer_entry_sluice,
          shapermc_ecumenical_altar_flowoftime, st_stairs_3, uniq_sigmund
D:4:      wad_crossroads, layout_loops_ring
D:5:      layout_rooms, minmay_temple_entry_hall
D:6:      layout_cave_pools, serial_bayou_pond_d
D:7:      cheibrodos_two_vegetables, layout_loops_ring,
          nicolae_dithmenos_shadow_blocks, grunt_ministairs_2,
          minmay_fractal_squares_5
D:8:      layout_rooms, gammafunk_ghost_grave, minivault_23,
          minmay_pinched_square, uniq_grum, uniq_harold
D:9:      layout_roguey, minivault_7, uniq_gastronok
D:10:     layout_basic, mainiacjoe_overflow_paths, erik_lair_island,
          orc_0_dummy, uniq_maggie, uniq_fannar
D:11:     layout_irregular_city
D:12:     layout_loops_ring, eat_drink_and_be_merry_uskayaw, uniq_nessos
D:13:     minmay_the_grid_triangle_9x9_line_8_mashed
          [minmay_the_grid_triangle_9x9_longest,
          minmay_the_grid_triangle_9x9_warning,
          minmay_the_grid_triangle_9x9_empty,
          minmay_the_grid_triangle_9x9_empty,
          minmay_the_grid_triangle_9x9_cache,
          minmay_the_grid_triangle_9x9_negative_grid,
          minmay_the_grid_triangle_9x9_swiss_cheese,
          minmay_the_grid_triangle_9x9_prize_top_heavy], layout_irregular_city,
          gauntlet_entry_generic, yredelemnul_altar_generic
Temple:   regret_index_temple_chain_breaker
Gauntlet: minmay_gauntlet_mixed_big_or_small [gammafunk_gauntlet_arena_open,
          minmay_gauntlet_arena_77_mirror, nicolae_gauntlet_arena_grate_2,
          minmay_gauntlet_arena_77_braids, gammafunk_gauntlet_arena_mazey,
          minmay_gauntlet_arena_77_path, gauntlet_exit_watery]

Skill      XL: |  1  2  3  4  5  6  7  8  9 10 11 12 |
---------------+-------------------------------------+-----
Armour         | 3 4 5 6 7 8 |  8.1
Dodging        | 1 2 3 4 5 6 7 |  7.4
Shields        | 3 4 5 6 7 8 |  8.0
Unarmed Combat | 1 2 3 4 5 7 8 9 10 | 10.8
Fighting       | 4 5 7 8 10 11 | 11.3
Invocations    | 1 4 5 7 9 |  9.0
Axes           | |  1.9

Action                   |  1- 3 |  4- 6 |  7- 9 | 10-12 | 13-15 || total
-------------------------+-------+-------+-------+-------+-------++-------
Melee: War axe           |    32 |       |       |       |       ||    32
       Unarmed           |    77 |   137 |   498 |   677 |     9 ||  1398
       Punch             |     1 |     5 |    24 |    67 |       ||    97
Invok: Heroism           |       |       |     2 |     9 |       ||    11
       Finesse           |       |       |       |     2 |       ||     2
  Use: Potion            |       |     1 |       |     1 |     4 ||     6
       Scroll            |       |       |       |    20 |       ||    20
 Stab: Sleeping          |       |       |       |     1 |       ||     1
Armor: Scale mail        |    41 |    36 |   197 |       |       ||   274
       Leather armour    |       |       |     6 |       |       ||     6
       Steam dragon scal |       |       |    54 |    50 |       ||   104
       Troll leather arm |       |       |       |   242 |     3 ||   245
Dodge: Dodged            |    54 |    50 |   307 |   619 |     6 ||  1036
       Repelled          |       |       |       |     2 |     1 ||     3
Block: Buckler           |     9 |       |       |       |       ||     9
